 Dungeon Crawl Stone Soup version 0.20.1-1-g8b1a95d (webtiles) character file.

392 vineage the Chopper (level 6, 0/69 HPs)
             Began as a Demonspawn Gladiator on Aug 23, 2017.
             Slain by an orc warrior
             ... wielding a +0 flail
              (10 damage)
             ... on level 4 of the Dungeon.
             The game lasted 00:05:50 (2821 turns).

vineage the Chopper (Demonspawn Gladiator)          Turns: 2821, Time: 00:05:52

Health: 0/69       AC: 23    Str: 19    XL:     6   Next: 50%
Magic:  6/6        EV:  2    Int: 16    God:
Gold:   181        SH:  0    Dex: 16    Spells: 5/5 levels left

rFire    . . .     SeeInvis .   y - +1 falchion (freeze)
rCold    . . .     Gourm    .   (no shield)
rNeg     + + +     Faith    .   (armour currently unavailable)
rPois    +         Spirit   .   (helmet currently unavailable)
rElec    .         Reflect  .   (cloak currently unavailable)
rCorr    .         Harm     .   (gloves currently unavailable)
MR       .....     Clarity  +   (boots currently unavailable) Stlth ++++......NoTele +
                                g - amulet of regeneration
Regen    0.7/turn               s - ring of stealth
MPRegen  0.1/turn               (no ring)

@: brilliant, tree-form
A: agile 1, clarity, clever 1, demonic guardian 1, nightstalker 1, strong 1
a: no special abilities


You were on level 4 of the Dungeon.
You were not hungry.
You were a tree.
You visited 1 branch of the dungeon, and saw 4 of its levels.

You collected 181 gold pieces.

Inventory:

Hand Weapons
 a - a +0 war axe
 y - a +1 falchion of freezing (weapon)
Missiles
 d - 3 throwing nets (quivered)
Armour
 b - a +0 leather armour (melded)
 c - a +0 helmet
Jewellery
 g - an amulet of regeneration (around neck)
 j - an uncursed amulet of the gourmand {unknown}
 s - a ring of stealth (left branch)
 t - an uncursed ring of protection from cold {unknown}
Wands
 p - a wand of random effects (28/48)
 x - a wand of digging (7/24)
Scrolls
 e - 5 scrolls of identify {unknown}
 k - a scroll of fear {unknown}
 q - 3 scrolls of remove curse {unknown}
 r - a scroll of blinking {unknown}
 u - 2 scrolls of amnesia {unknown}
 v - a scroll of teleportation {unknown}
Comestibles
 f - 2 bread rations
 h - 2 royal jellies
 i - 6 fruits


   Skills:
 + Level 2.9 Fighting
 + Level 4.8 Axes
 + Level 1.9 Throwing
 + Level 2.3 Armour
 + Level 3.6 Dodging
 + Level 1.5 Stealth


You had 5 spell levels left.
You didn't know any spells.

Dungeon Overview and Level Annotations

Branches:
Dungeon (4/15)
 Temple: D:4-7

Altars:
Elyvilon


Innate Abilities, Weirdness & Mutations

((You have a pair of small horns on your head.))
((You are partially covered in slimy green scales. (AC +2)))
A weak demonic guardian rushes to your aid.
You are slightly more attuned to the shadows.
You are agile. (Dex +2)
You possess an exceptional clarity of mind.
Your mind is acute. (Int +2)
Your muscles are strong. (Str +2)


Message History

The orc warrior hits you but does no damage.
You closely miss the orc warrior. The orc warrior barely misses you.
You riposte.
You barely miss the orc warrior. You hit the orc warrior.
You freeze the orc warrior.
The orc warrior is lightly wounded.
The orc warrior hits you with a flail!
* * * LOW HITPOINT WARNING * * *
You barely miss the orc warrior.
The orc warrior is lightly wounded.
The orc warrior hits you but does no damage.
You closely miss the orc warrior.
The orc warrior is lightly wounded.
The orc warrior hits you but does no damage.
You barely miss the orc warrior.
The orc warrior is lightly wounded.
The orc warrior hits you but does no damage.
You barely miss the orc warrior.
The orc warrior is lightly wounded.
The orc warrior hits you with a flail!
You die...

#.......# #.# #.......
#.......# #.# #.......
#.......# #.# #.......
#.......#######.###.......
#.......#..........#####+#
................(...# #..
...######†.5........# #.#
... #55#####.########..
##♣# #....# #.....
##o###....## ####..
#oos.......# #..
#..........# #..
#..........# ###.
#.............# #...
#.............# #...
#.............# #...
#.............# #...


You could see an orc warrior, an orc wizard, an orc, a giant cockroach, a
friendly iron imp, a friendly quasit and a friendly shadow imp.

Vanquished Creatures
  The ghost of dscm the Magician, an amateur DrWz (D:4)
  An iguana (D:4)
  2 worker ants (D:4)
  2 orc wizards (D:4)
  Robin (D:2)
  2 adders
  2 oozes
  An adder skeleton (D:4)
  3 worms
  3 leopard geckos
  9 orcs
  9 bats
  3 giant cockroaches
  11 goblins
  5 hobgoblins
  3 quokkas
  4 frilled lizards
  6 kobolds
  5 rats
73 creatures vanquished.

Vanquished Creatures (collateral kills)
  A scorpion (D:4)
  2 orc priests
  An adder (D:4)
  2 orcs
  4 goblins (D:2)
10 creatures vanquished.

Grand Total: 83 creatures vanquished

Notes
Turn   | Place    | Note
-------+----------+-------------------------------------------
     0 | D:1      | vineage the Demonspawn Gladiator began the quest for the Orb.
     0 | D:1      | Reached XP level 1. HP: 16/16 MP: 1/1
   221 | D:1      | Gained mutation: A weak demonic guardian rushes to your aid. [demonic ancestry]
   221 | D:1      | Reached XP level 2. HP: 21/22 MP: 2/2
   424 | D:1      | Reached skill level 3 in Axes
   803 | D:2      | Noticed Robin
   818 | D:2      | Killed Robin
   818 | D:2      | Gained mutation: You are partially covered in slimy green scales. (AC +2) [demonic ancestry]
   818 | D:2      | Reached XP level 3. HP: 17/27 MP: 3/3
  1217 | D:2      | Reached skill level 1 in Armour
  1453 | D:3      | Gained mutation: You have a pair of small horns on your head. [demonic ancestry]
  1453 | D:3      | Reached XP level 4. HP: 12/33 MP: 4/4
  1869 | D:3      | Found a white marble altar of Elyvilon.
  2381 | D:4      | Reached skill level 4 in Axes
  2381 | D:4      | Reached XP level 5. HP: 27/39 MP: 5/5
  2471 | D:4      | Reached skill level 1 in Stealth
  2574 | D:4      | Noticed dscm's ghost (amateur DrWz)
  2577 | D:4      | Gained mutation: You tend to lose your temper in combat. [potion of mutation]
  2577 | D:4      | Gained mutation: Your spells are a little harder to cast, but a little more powerful. [potion of mutation]
  2589 | D:4      | Killed dscm's ghost
  2589 | D:4      | Gained mutation: You are slightly more attuned to the shadows. [demonic ancestry]
  2589 | D:4      | Reached XP level 6. HP: 29/46 MP: 6/6
  2798 | D:4      | Noticed an orc warrior
  2812 | D:4      | Lost mutation: You tend to lose your temper in combat. [potion of mutation]
  2812 | D:4      | Lost mutation: Your spells are a little harder to cast, but a little more powerful. [potion of mutation]
  2812 | D:4      | Gained mutation: Your mind is acute. (Int +2) [potion of mutation]
  2812 | D:4      | Gained mutation: You possess an exceptional clarity of mind. [potion of mutation]
  2812 | D:4      | Gained mutation: You are agile. (Dex +2) [potion of mutation]
  2812 | D:4      | Gained mutation: Your muscles are strong. (Str +2) [potion of mutation]
  2821 | D:4      | Slain by an orc warrior

Skill      XL: |  1  2  3  4  5 |
---------------+----------------+-----
Dodging        | 3 |  3.6
Axes           | 3 4 |  4.8
Armour         | 1 2 |  2.3
Stealth        | 1 |  1.5
Fighting       | |  2.9
Throwing       | |  1.9

Action                   |  1- 3 |  4- 6 || total
-------------------------+-------+-------++-------
Melee: War axe           |   104 |   122 ||   226
       Headbutt          |       |    16 ||    16
       Falchion          |       |    13 ||    13
  Use: Potion            |       |    10 ||    10
 Stab: Sleeping          |       |     4 ||     4
  Eat: Chunk             |     2 |     4 ||     6
Armor: Leather armour    |    49 |    33 ||    82
       Skin              |       |     7 ||     7
Dodge: Dodged            |    83 |    96 ||   179
       Rpst.: Falchion   |       |     1 ||     1
